 Dungeon Crawl Stone Soup version 0.20.0-3-g22ec75f (webtiles) character file.

2776 RKaid the Cleaver (level 9, -7/85 HPs)
             Began as a Minotaur Berserker on May 26, 2017.
             Was a High Priest of Trog.
             Mangled by an orc warrior
             ... wielding a +0 glaive
              (21 damage)
             ... on level 7 of the Dungeon.
             The game lasted 00:06:27 (4308 turns).

RKaid the Cleaver (Minotaur Berserker)              Turns: 4308, Time: 00:06:28

Health: -7/85      AC:  6    Str: 23    XL:     9   Next: 42%
Magic:  8/8        EV: 11    Int:  7    God:    Trog [*****.]
Gold:   101        SH:  0    Dex: 12    Spells: 8/8 levels left

rFire    . . .     SeeInvis .   E - +0 war axe (elec)
rCold    . . .     Gourm    .   (no shield)
rNeg     . . .     Faith    .   F - +0 ring mail {rPois}
rPois    +         Spirit   .   (helmet restricted)
rElec    .         Reflect  .   (no cloak)
rCorr    .         Harm     .   (no gloves)
MR       .....                  x - +0 pair of boots
Stlth    +.........             (no amulet)
Regen    0.3/turn               p - +3 ring of intelligence
MPRegen  0.2/turn               y - ring of flight {+Fly}

@: berserk cooldown, slowed, very slow
A: retaliatory headbutt, horns 2
a: Berserk, Trog's Hand, Brothers in Arms, Burn Spellbooks, Renounce Religion,
Evoke Flight


You were on level 7 of the Dungeon.
You worshipped Trog.
Trog was extremely pleased with you.
You were very hungry.

You visited 1 branch of the dungeon, and saw 7 of its levels.

You collected 341 gold pieces.
You spent 240 gold pieces at shops.

Inventory:

Hand Weapons
 B - a +0 war axe
   (You took it off an orc on level 3 of the Dungeon)
 E - a +0 war axe of electrocution (weapon)
   (You took it off an orc on level 4 of the Dungeon)
Missiles
 g - 6 curare-tipped needles
Armour
 x - a +0 pair of boots (worn)
   (You found it on level 2 of the Dungeon)
 C - a +3 scale mail of cold resistance
   (You took it off Terence on level 3 of the Dungeon)
 F - a +0 ring mail of poison resistance (worn)
   (You took it off an orc on level 4 of the Dungeon)
 H - a +0 pair of gloves
   (You found it on level 4 of the Dungeon)
Jewellery
 b - a +3 amulet of reflection {unknown}
   (You found it on level 3 of the Dungeon)
 p - a +3 ring of intelligence (left hand)
   (You found it on level 2 of the Dungeon)
 w - an uncursed amulet of faith {unknown}
   (You found it on level 2 of the Dungeon)
 y - a ring of flight (right hand) {+Fly}
   (You found it on level 2 of the Dungeon)
Wands
 K - a wand of flame (5/48)
   (You found it on level 6 of the Dungeon)
 L - a wand of lightning (2/15)
   (You found it on level 6 of the Dungeon)
Scrolls
 d - 4 scrolls of recharging {unknown}
 h - 4 scrolls of identify {unknown}
 m - 3 scrolls of random uselessness {unknown}
 o - 4 scrolls of remove curse {unknown}
 s - 4 scrolls of enchant armour {unknown}
 v - 3 scrolls of teleportation {unknown}
 D - a scroll of magic mapping {unknown}
 G - 3 scrolls of fog {unknown}
 I - a scroll of blinking {unknown}
Potions
 e - a potion of resistance {unknown}
 f - 3 potions of brilliance {unknown}
 i - 2 potions of agility {unknown}
 j - 2 potions of heal wounds
 l - 3 potions of haste
 n - 6 potions of flight {unknown}
 q - a potion of degeneration {unknown}
 r - 3 potions of curing {unknown}
 u - a potion of cancellation {unknown}
 A - 2 potions of lignification {unknown}
 J - a potion of might {unknown}
Comestibles
 a - 6 fruits
 c - 6 bread rations
 k - 2 royal jellies
 t - 2 meat rations
 z - 10 chunks of flesh


   Skills:
 + Level 9.9 Fighting
 * Level 12.6 Axes
 - Level 2.4 Armour
 - Level 2.1 Dodging


You had 8 spell levels left.
You didn't know any spells.

Dungeon Overview and Level Annotations

Branches:
Dungeon (7/15)             Temple (0/1) D:6

Altars:
Elyvilon
Ru
Trog
Uskayaw
The Shining One

Shops:
D:4 !

Annotations:
D:2 1 runed door


Innate Abilities, Weirdness & Mutations

You reflexively headbutt those who attack you in melee.
You have a pair of horns on your head.


Message History

Lightning courses through the kobold demonologist!
You kill the kobold demonologist!
Trog accepts your kill.
Trog appreciates your killing of a magic user.
The quasit disappears in a puff of smoke!
Your Axes skill increases to level 12!
A gnoll sergeant comes into view. It is wielding a short sword of speed.
You slash the gnoll sergeant!
Lightning courses through the gnoll sergeant!
The gnoll sergeant blocks your attack.
You hit the gnoll sergeant.
Lightning courses through the gnoll sergeant!
You kill the gnoll sergeant!
Trog accepts your kill.
You completely miss the bullfrog. The bullfrog closely misses you.
You furiously retaliate!
You headbutt the bullfrog!!
You kill the bullfrog!
Trog accepts your kill.
The gnoll sergeant moves out of view.
You slash the shadow imp!
Lightning courses through the shadow imp!
You feel the power of Trog in you as your rage grows.
You kill the shadow imp!
Trog accepts your kill.
You slice the bullfrog skeleton!!
You destroy the bullfrog skeleton!
Trog accepts your kill.
You hear a shout! x3; You hear an angry hiss.
You hear a croak.
An adder and a gnoll come into view.
The gnoll is wielding a dazzling short sword {freeze}.
You hit the gnoll but do no damage. The gnoll barely misses you.
You furiously retaliate!
You headbutt the gnoll!
You feel the power of Trog in you as your rage grows.
You kill the gnoll!
Trog accepts your kill.
You slash the leopard gecko skeleton!
You destroy the leopard gecko skeleton!
Trog accepts your kill.
A bullfrog comes into view.
You slice the ice beast!!
You feel the power of Trog in you as your rage grows.
You kill the ice beast!
Trog accepts your kill.
The bullfrog moves out of view.
A water moccasin, 3 gnolls and an orc warrior come into view.
A gnoll is wielding a halberd of venom.
The water moccasin hisses angrily.
The orc warrior shouts!
The gnoll shouts! x3
The gnoll sergeant hits you with a short sword of speed!
* * * LOW HITPOINT WARNING * * *
Items here: ! )) [[[[[ | †††† You closely miss the gnoll.
You headbutt the gnoll!
You kill the gnoll!
Trog accepts your kill.
You barely miss the gnoll sergeant. The gnoll sergeant barely misses you.
You feel a strong urge to attack something.
You slice the adder!!
You kill the adder!
Trog accepts your kill.
You are feeling very hungry.
You slice the gnoll!!
You kill the gnoll!
Trog accepts your kill.
You are no longer berserk.
You are exhausted.
You feel yourself slow down.
You feel much better.
You hit the gnoll sergeant but do no damage.
Lightning courses through the gnoll sergeant!
You headbutt the gnoll sergeant, but do no damage.
The gnoll sergeant hits you with a short sword of speed.
You hit the gnoll sergeant.
Lightning courses through the gnoll sergeant!
You kill the gnoll sergeant!
Trog accepts your kill. The bullfrog closely misses you.
You closely miss the bullfrog. You headbutt the bullfrog!
The bullfrog completely misses you.
You slash the bullfrog!
You kill the bullfrog!
Trog accepts your kill. The water moccasin closely misses you.
You slash the water moccasin!
Your headbutt misses the water moccasin.
The water moccasin bites you but does no damage.
You miss the water moccasin.
Your headbutt misses the water moccasin.
The water moccasin bites you. The water moccasin barely misses you.
You slice the water moccasin!!
Lightning courses through the water moccasin!
You kill the water moccasin!
Trog accepts your kill.
The gnoll throws a throwing net.
The throwing net closely misses you.
You barely miss the orc warrior. You headbutt the orc warrior.
The orc warrior hits you with a glaive!
* * * LOW HITPOINT WARNING * * *
You closely miss the orc warrior. Your headbutt misses the orc warrior.
The orc warrior hits you with a glaive!
* * * LOW HITPOINT WARNING * * *
The orc warrior hits you from afar with a glaive!!
You die...

.#. ###.### ..#
#.. o..#.....#...
#.. #g#.))).#.#
#.. #..).)... #..
#.))[.# ... .
#..g..# #..##.#.
###o# #...##..# #
##.(#..#
#....##..#.
##.@###..# ##....#
#.####..## #..#
##)).#.....#..##
#..#
###)).#.#.#.#.##
#.#
..#.#.#..)#..##
#.#
#.#.#.#.#.#.#.# #.
#.....#..)..#..#
#.#..)###.####..#
#.#..........##..#


You could see an orc warrior and a gnoll.

Vanquished Creatures
  A manticore (D:7)
  A kobold demonologist (D:7)
  A water moccasin (D:7)
  2 orc warriors (D:7)
  2 ice beasts (D:7)
  A phantom (D:4)
  2 sky beasts
  The ghost of MirrMurr the Covered, an amateur GrFi (D:3)
  3 gnoll sergeants (D:7)
  3 bullfrogs
  A howler monkey (D:2)
  A quasit (D:6)
  2 orc priests
  A centaur skeleton (D:3)
  3 hounds
  6 orc wizards
  3 bullfrog skeletons
  An iguana (D:6)
  Terence (D:3)
  3 worker ants
  2 hound zombies
  Robin (D:2)
  A howler monkey zombie (D:6)
  3 gnolls (D:7)
  5 adders
  A shadow imp (D:7)
  An ooze (D:1)
  An adder skeleton (D:3)
  A worm (D:2)
  4 dart slugs
  6 leopard geckos
  28 orcs
  15 giant cockroaches
  21 goblins
  9 hobgoblins
  3 jackals (D:3)
  2 quokkas
  4 ball pythons
  9 bats
  3 frilled lizards
  2 jackal skeletons (D:3)
  10 kobolds
  2 leopard gecko skeletons
  8 rats
181 creatures vanquished.

Notes
Turn   | Place    | Note
-------+----------+-------------------------------------------
     0 | D:1      | RKaid the Minotaur Berserker began the quest for the Orb.
     0 | D:1      | Reached XP level 1. HP: 19/19 MP: 0/0
    62 | D:1      | Reached skill level 4 in Axes
    72 | D:1      | Reached XP level 2. HP: 21/27 MP: 1/1
    84 | D:1      | Reached skill level 4 in Fighting
   345 | D:1      | Reached XP level 3. HP: 21/33 MP: 2/2
   603 | D:2      | Noticed Robin
   610 | D:2      | Reached ** piety under Trog
   620 | D:2      | Killed Robin
   620 | D:2      | Reached skill level 5 in Axes
   812 | D:2      | Reached XP level 4. HP: 39/41 MP: 3/3
   910 | D:2      | Found a bloodstained altar of Trog.
   983 | D:2      | Reached skill level 5 in Fighting
   987 | D:2      | Reached XP level 5. HP: 48/48 MP: 4/4
  1144 | D:2      | Found a runed door.
  1276 | D:2      | Found a sacrificial altar of Ru.
  1288 | D:2      | Reached skill level 6 in Axes
  1520 | D:3      | Noticed MirrMurr's ghost (amateur GrFi)
  1528 | D:3      | Killed MirrMurr's ghost
  1567 | D:3      | Reached XP level 6. HP: 47/57 MP: 5/5
  1587 | D:3      | Reached *** piety under Trog
  1679 | D:3      | Noticed Terence
  1687 | D:3      | Reached skill level 7 in Axes
  1691 | D:3      | Killed Terence
  1749 | D:3      | Reached skill level 6 in Fighting
  1938 | D:3      | Found a glowing golden altar of the Shining One.
  2022 | D:3      | Found a white marble altar of Elyvilon.
  2040 | D:3      | Reached **** piety under Trog
  2235 | D:4      | Found a hide-covered altar of Uskayaw.
  2306 | D:4      | Reached skill level 8 in Axes
  2306 | D:4      | Reached XP level 7. HP: 57/64 MP: 6/6
  2421 | D:4      | Found Defalyke's Distillery.
  2446 | D:4      | Bought a potion of haste for 120 gold pieces
  2446 | D:4      | Bought a potion of heal wounds for 60 gold pieces
  2446 | D:4      | Bought a potion of heal wounds for 60 gold pieces
  2902 | D:5      | Entered Level 5 of the Dungeon
  3059 | D:6      | Reached skill level 7 in Fighting
  3059 | D:6      | Reached skill level 9 in Axes
  3242 | D:6      | Found a staircase to the Ecumenical Temple.
  3794 | D:6      | Reached XP level 8. HP: 69/73 MP: 7/7
  4127 | D:7      | Reached skill level 10 in Axes
  4160 | D:7      | Reached skill level 8 in Fighting
  4189 | D:7      | Reached ***** piety under Trog
  4266 | D:7      | Noticed a manticore
  4268 | D:7      | Reached skill level 11 in Axes
  4271 | D:7      | Noticed a kobold demonologist
  4274 | D:7      | HP: 22/112 [manticore (11)]
  4276 | D:7      | Killed a manticore
  4276 | D:7      | Reached skill level 9 in Fighting
  4278 | D:7      | Reached XP level 9. HP: 25/83 MP: 8/8
  4281 | D:7      | Killed a kobold demonologist
  4281 | D:7      | Reached skill level 12 in Axes
  4292 | D:7      | HP: 21/126 [gnoll sergeant/short sword of speed (7)]
  4306 | D:7      | HP: 21/85 [orc warrior/glaive (14)]
  4308 | D:7      | Mangled by an orc warrior

Skill      XL: |  1  2  3  4  5  6  7  8  9 |
---------------+----------------------------+-----
Axes           | 4 5 6 8 9 11 12 | 12.6
Fighting       | 4 5 6 7 9 |  9.9
Armour         | |  2.4
Dodging        | |  2.1

Action                   |  1- 3 |  4- 6 |  7- 9 || total
-------------------------+-------+-------+-------++-------
Melee: Hand axe          |    67 |    67 |       ||   134
       Headbutt          |    11 |    27 |    24 ||    62
       War axe           |       |    75 |   139 ||   214
Invok: Berserk           |     1 |     3 |     2 ||     6
  Use: Potion            |       |       |     1 ||     1
 Stab: Distracted        |     1 |       |       ||     1
       Paralysed         |       |     1 |       ||     1
  Eat: Chunk             |     1 |     7 |     7 ||    15
Armor: Animal skin       |    17 |     9 |       ||    26
       Chain mail        |       |    32 |       ||    32
       Scale mail        |       |    27 |       ||    27
       Ring mail         |       |       |    43 ||    43
Dodge: Dodged            |    58 |    62 |    72 ||   192

Table legend:
 A = Turns spent in this place as a percentage of turns spent in the entire game.
 B = Non-inter-level travel turns spent in this place as a percentage of non-inter-level travel turns spent in the entire game.
 C = Inter-level travel turns spent in this place as a percentage of turns spent in this place.
 D = Turns resting spent in this place as a percentage of non-inter-level travel turns spent in this place.
 E = Turns spent auto-exploring this place as a percentage of non-inter-level travel turns spent in this place.
 F = Non-inter-level travel turns spent in this place divided by the number of levels of this place that you've seen.
                   A       B       C       D       E      F
               +-------+-------+-------+-------+-------+----------------------
         Total | 100.0 | 100.0 |   0.5 |   1.5 |  12.8 | 187.6
       Dungeon | 100.0 | 100.0 |   0.5 |   1.5 |  12.8 | 187.6
               +-------+-------+-------+-------+-------+----------------------

Table legend:
 A = Kills in this place as a percentage of kills in entire the game.
 B = Kills by you in this place as a percentage of kills by you in the entire game.
 C = Kills by friends in this place as a percentage of kills by friends in the entire game.
 D = Other kills in this place as a percentage of other kills in the entire game.
 E = Experience gained in this place as a percentage of experience gained in the entire game.
 F = Experience gained in this place divided by the number of levels of this place that you have seen.
                   A       B       C       D       E      F
               +-------+-------+-------+-------+-------+----------------------
         Total | 100.0 | 100.0 |  -nan |  -nan | 100.0 | 566.6
       Dungeon | 100.0 | 100.0 |  -nan |  -nan | 100.0 | 566.6
               +-------+-------+-------+-------+-------+----------------------
